 Dungeon Crawl Stone Soup version 0.21.1-1-g345015f (webtiles) character file.

4020 aMcNicky the Carver (level 10, -7/88 HPs)
             Began as a Minotaur Fighter on Mar 4, 2018.
             Was an Elder of Dithmenos.
             Mangled by a manticore (24 damage)
             ... on level 14 of the Dungeon.
             The game lasted 00:25:17 (8570 turns).

aMcNicky the Carver (Minotaur Fighter)              Turns: 8570, Time: 00:25:17

Health: -7/88      AC:  4    Str: 21    XL:     10   Next: 3%
Magic:  9/9        EV: 12    Int:  5    God:    Dithmenos [****..]
Gold:   820        SH:  9    Dex: 13    Spells: 9/9 levels left

rFire    . . .     SeeInvis .   y - +0 scimitar
rCold    + + .     Gourm    .   c - +0 shield
rNeg     . . .     Faith    .   b - +0 scale mail
rPois    .         Spirit   .   (helmet restricted)
rElec    .         Reflect  .   (no cloak)
rCorr    .         Harm     .   (no gloves)
MR       .....                  (no boots)
Stlth    ..........             h - amulet of magic regeneration
HPRegen  0.24/turn              r - ring of protection from cold
MPRegen  0.36/turn              B - ring of protection from cold

@: barbed spikes, corroded, very slightly contaminated, wreathed by umbra
A: retaliatory headbutt, horns 2
a: Shadow Step, Renounce Religion


You were on level 14 of the Dungeon.
You worshipped Dithmenos.
Dithmenos was greatly pleased with you.
You were not hungry.

You visited 1 branch of the dungeon, and saw 13 of its levels.
You also visited: Ossuary.

You collected 858 gold pieces.
You spent 38 gold pieces at shops.

Inventory:

Hand Weapons
 a - a +0 long sword
 y - a +0 scimitar (weapon)
Armour
 b - a +0 scale mail (worn)
 c - a +0 shield (worn)
Jewellery
 h - an amulet of magic regeneration (around neck)
 r - a ring of protection from cold (left hand)
 B - a ring of protection from cold (right hand)
Wands
 z - a wand of enslavement (17)
 D - a wand of disintegration (15)
Scrolls
 g - 4 scrolls of teleportation {unknown}
 j - 2 scrolls of fear
 k - 4 scrolls of amnesia
 n - 2 scrolls of random uselessness {unknown}
 p - 3 scrolls of blinking
 s - 4 scrolls of magic mapping {unknown}
 u - 4 scrolls of remove curse {@r2}
 v - 4 scrolls of fog {unknown}
 w - 4 scrolls of identify {@r1}
 A - a scroll of brand weapon {unknown}
Potions
 d - 2 potions of flight {unknown}
 e - a potion of brilliance {unknown}
 i - 3 potions of lignification
 l - 3 potions of curing {@q1}
 o - 6 potions of haste {unknown}
 q - 2 potions of mutation {unknown}
 t - 2 potions of magic {unknown}
 x - 2 potions of ambrosia {unknown}
Comestibles
 f - 20 rations
 m - 2 chunks of flesh


   Skills:
 + Level 7.9 Fighting
 * Level 10.3 Long Blades
 + Level 7.9 Armour
 * Level 9.1 Dodging
 - Level 3.6 Shields


You had 9 spell levels left.
You didn't know any spells.

Dungeon Overview and Level Annotations

Branches:
Dungeon (14/15)            Temple (0/1) D:4
   Lair: D:8-11         Orc: D:9-12      Vaults: D:13-14

Altars:
Dithmenos
Elyvilon
Hepliaklqana
Okawaru
Qazlal
Sif Muna
Trog
Uskayaw
Vehumet
Xom
Yredelemnul
Zin

Shops:
D:5 ?   D:6 (


Innate Abilities, Weirdness & Mutations

You reflexively headbutt those who attack you in melee.
You have a pair of horns on your head.


Message History

The barbs in your skin will harm you if you move.
Continue? [Y]es or [N]o only, please.
The barbs in your skin will harm you if you move.
Continue? [Y]es or [N]o only, please.
The barbs in your skin will harm you if you move.
Continue?
Okay, then.
You feel better.
The barbs in your skin will harm you if you move.
Continue?
Okay, then.
You hit the shadow imp.
The shadow imp is moderately wounded.
Your shadow hits the shadow imp but does no damage.
You block the shadow imp's attack.
You slash the shadow imp!
You kill the shadow imp!
Dithmenos accepts your kill.
You hit the manticore. You headbutt the manticore.
The manticore is moderately wounded.
The manticore bites you!!
You die...

> #########
..##.......#
....$......#
...........# ..
.......@...#
...
.......H...#
.....##.......#
##.# #.##'##.#
#⌠.⌠# ###⌠.⌠#.#
#..5###...## #
#...H..!##
##..5..##
##⌠.⌠##


You could see a manticore.

Vanquished Creatures
  Grinder (D:6)
  Prince Ribbit (D:5)
  3 hippogriffs
  Menkaure (D:4)
  A water moccasin (D:6)
  2 ice beasts
  5 orc warriors
  A sky beast (D:7)
  A black bear (D:6)
  2 ogres
  2 phantoms
  A crocodile (D:8)
  3 bullfrogs
  A human zombie (Ossuary)
  4 crimson imps
  3 hounds
  A jelly (D:6)
  5 orc priests
  3 bullfrog skeletons
  2 centaur skeletons
  A centaur zombie (Ossuary)
  2 iguanas
  11 orc wizards
  A statue (D:4)
  A worker ant (D:2)
  3 mummies
  2 worker ant zombies
  A howler monkey skeleton (D:5)
  10 gnolls
  9 adders
  2 shadow imps
  2 oozes
  2 adder skeletons
  A dart slug (D:1)
  2 leopard geckos
  37 orcs
  A ball python (D:5)
  9 bats
  8 giant cockroaches
  2 gnoll zombies (Ossuary)
  3 goblins
  6 hobgoblins
  4 jackals (D:6)
  9 kobolds
  3 quokkas
  4 frilled lizards
  3 goblin zombies (Ossuary)
  2 hobgoblin zombies (Ossuary)
  A leopard gecko zombie (D:4)
  5 orc zombies (Ossuary)
  10 rats
200 creatures vanquished.

Notes
Turn   | Place    | Note
-------+----------+-------------------------------------------
     0 | D:1      | aMcNicky the Minotaur Fighter began the quest for the Orb.
     0 | D:1      | Reached XP level 1. HP: 19/19 MP: 0/0
    99 | D:1      | Reached XP level 2. HP: 27/27 MP: 1/1
   112 | D:1      | Reached skill level 1 in Dodging
   289 | D:1      | Reached skill level 3 in Long Blades
   799 | D:2      | Reached XP level 3. HP: 33/33 MP: 2/2
  1016 | D:2      | Found a shadowy altar of Dithmenos.
  1034 | D:2      | Became a worshipper of Dithmenos the Shadowed
  1190 | D:2      | Reached XP level 4. HP: 40/40 MP: 3/3
  1631 | D:3      | Reached skill level 4 in Long Blades
  1936 | D:3      | Reached * piety under Dithmenos
  1936 | D:3      | Reached XP level 5. HP: 43/46 MP: 4/4
  2381 | D:4      | Found a staircase to the Ecumenical Temple.
  2410 | D:4      | Noticed Menkaure
  2432 | D:4      | Killed Menkaure
  2432 | D:4      | Reached XP level 6. HP: 19/53 MP: 5/5
  2896 | D:4      | Found a radiant altar of Vehumet.
  2906 | D:4      | Reached skill level 5 in Long Blades
  3291 | D:5      | Entered Level 5 of the Dungeon
  3490 | D:5      | Reached skill level 5 in Armour
  3545 | D:5      | Found Ruattil's Magic Scroll Emporium.
  3557 | D:5      | Reached skill level 5 in Fighting
  3557 | D:5      | Reached XP level 7. HP: 48/61 MP: 6/6
  3624 | D:5      | Bought a scroll of fear for 38 gold pieces
  3742 | D:5      | Reached ** piety under Dithmenos
  3797 | D:5      | Noticed Prince Ribbit
  3820 | D:5      | Killed Prince Ribbit
  3820 | D:5      | Reached skill level 6 in Long Blades
  3820 | D:5      | Reached skill level 5 in Dodging
  4137 | D:6      | Found Ralosh's Antique Weapon Emporium.
  4152 | D:6      | Noticed a hippogriff
  4173 | D:6      | Reached XP level 8. HP: 70/70 MP: 7/7
  4182 | D:6      | Killed a hippogriff
  4182 | D:6      | Reached skill level 7 in Long Blades
  4320 | D:6      | Found a stormy altar of Qazlal.
  4324 | D:6      | Noticed Grinder
  4350 | D:6      | Killed Grinder
  4547 | D:6      | Found a glowing silver altar of Zin.
  4573 | D:6      | Reached skill level 8 in Long Blades
  5276 | D:6      | Reached XP level 9. HP: 78/78 MP: 8/8
  5317 | D:6      | Found a shimmering altar of Xom.
  5447 | D:6      | Reached *** piety under Dithmenos
  5747 | D:7      | Reached skill level 9 in Long Blades
  5821 | D:7      | Found an iron altar of Okawaru.
  5834 | D:7      | Found a hazy altar of Hepliaklqana.
  5923 | D:7      | Found a sand-covered staircase.
  5929 | Ossuary  | Entered an ossuary
  7251 | D:8      | Reached **** piety under Dithmenos
  7599 | D:9      | Reached skill level 10 in Long Blades
  7647 | D:9      | Found a white marble altar of Elyvilon.
  7885 | D:9      | Found a deep blue altar of Sif Muna.
  7943 | D:9      | Found a basalt altar of Yredelemnul.
  7947 | D:9      | Found a bloodstained altar of Trog.
  7949 | D:9      | Found a hide-covered altar of Uskayaw.
  7984 | D:9      | Reached XP level 10. HP: 63/88 MP: 9/9
  8513 | D:9      | You fall through a shaft for 2 floors!
  8523 | D:11     | Noticed a brown ugly thing
  8558 | D:14     | Noticed a manticore
  8570 | D:14     | Mangled by a manticore

Skill      XL: |  1  2  3  4  5  6  7  8  9 |
---------------+----------------------------+-----
Dodging        | 1 2 3 4 5 7 9 |  9.1
Long Blades    | 3 4 5 6 8 10 | 10.3
Fighting       | 4 5 6 7 |  7.9
Armour         | 4 5 6 7 |  7.9
Shields        | |  3.6

Action                   |  1- 3 |  4- 6 |  7- 9 | 10-12 || total
-------------------------+-------+-------+-------+-------++-------
Melee: Long sword        |    70 |   137 |   207 |       ||   414
       Headbutt          |    14 |    24 |    82 |     5 ||   125
       Scimitar          |       |       |   166 |    19 ||   185
  Use: Potion            |       |     1 |     3 |     2 ||     6
       Scroll            |       |     6 |     2 |     2 ||    10
  Eat: Chunk             |     1 |     4 |     6 |       ||    11
       Ration            |       |     1 |     3 |       ||     4
Armor: Scale mail        |    23 |    51 |    97 |       ||   171
Dodge: Dodged            |    31 |    57 |   140 |    12 ||   240
Block: Shield            |    39 |    64 |   152 |     8 ||   263
       Rpst.: Long sword |    11 |    12 |    21 |       ||    44
       Scimitar          |       |       |    14 |     4 ||    18
